 Dungeon Crawl Stone Soup version 0.30-a0-989-g0d87f670db (webtiles) character file.

Game seed: 6999871422830218980

19529 Querens the Cleaver (level 13, -2/103 HPs)
             Began as a Formicid Fighter on Apr 3, 2023.
             Was a High Priest of Okawaru.
             Slain by an orc warrior
             ... wielding a +2 flail of distortion
              (15 damage)
             ... on level 1 of the Orcish Mines.
             The game lasted 00:37:42 (7644 turns).

Querens the Cleaver (Formicid Fighter)              Turns: 7644, Time: 00:37:43

Health: -2/103     AC: 25    Str: 26    XL:     13   Next: 5%
Magic:  17/19      EV: 11    Int:  8    God:    Okawaru [*****.]
Gold:   875        SH:  9    Dex: 22    Spells: 10/12 levels left

rFire   . . .      SeeInvis +    H - +2 war axe (freeze)
rCold   . . .      Faith    .    c - +0 buckler
rNeg    + . .      Spirit   .    p - +0 plate armour
rPois   +          Reflect  .    (helmet unavailable)
rElec   .          Rampage  +    T - +2 cloak {rPois}
rCorr   +                        w - +0 pair of gloves
Will    +....                    N - +2 pair of boots {rampage} Stlth
                                 A - amulet of the acrobat
HPRegen 0.37/turn                j - +6 ring of dexterity
MPRegen 0.16/turn                s - ring of the Omega Point {rN+ rCorr Dex+3}

@: heroic
A: permanent stasis, dig shafts and tunnels, antennae 3, four strong arms
a: Dig, Shaft Self, Renounce Religion, Heroism, Finesse, Duel


You were on level 1 of the Orcish Mines.
You worshipped Okawaru.
Okawaru was extremely pleased with you.
You visited 3 branches of the dungeon, and saw 15 of its levels.
You also visited: Bailey.

You collected 1032 gold pieces.
You spent 157 gold pieces at shops.

Inventory:

Hand Weapons
 H - a +2 war axe of freezing (weapon)
 L - the +9 dagger of Tortured Integrity {freeze, rF+ Dex+3}
   (You found it on level 8 of the Dungeon)

   Dex:       It affects your dexterity (+3).
   rF:        It protects you from fire.
 R - a +0 broad axe
 S - the +3 hand axe of the Middle {venom, rC+ rN+ Str-4 Stlth+}
   (Okawaru gifted it to you on level 10 of the Dungeon)

   Str:       It affects your strength (-4).
   rC:        It protects you from cold.
   rN:        It protects you from negative energy.
   Stlth:     It makes you more stealthy.
Missiles
 b - 8 atropa-tipped darts
 t - 2 throwing nets
 z - 16 curare-tipped darts
Armour
 c - a +0 buckler (worn)
 g - a +0 plate armour of poison resistance
 p - a +0 plate armour (worn)
 w - a +0 pair of gloves (worn)
 N - a +2 pair of boots of rampaging (worn)
 Q - a +2 chain mail of cold resistance
 T - a +2 cloak of poison resistance (worn)
Jewellery
 j - a +6 ring of dexterity (left hand)
 s - the ring of the Omega Point (right hand) {rN+ rCorr Dex+3}
   (You found it on level 3 of the Dungeon)

   [ring of resist corrosion]

   Dex:       It affects your dexterity (+3).
   rN:        It protects you from negative energy.
   rCorr:     It protects you from acid and corrosion.
 v - a ring of positive energy
 A - an amulet of the acrobat (around neck)
 P - a ring of wizardry
Wands
 n - a wand of mindburst (9)
 B - a wand of roots (14)
 F - a wand of quicksilver (7)
Scrolls
 e - 2 scrolls of blinking
 f - 5 scrolls of enchant armour
 k - 10 scrolls of teleportation
 l - a scroll of silence {unknown}
 q - 3 scrolls of magic mapping
 x - 3 scrolls of fog
 y - 2 scrolls of immolation
 C - 2 scrolls of enchant weapon
 D - 2 scrolls of poison
 G - a scroll of amnesia
 I - a scroll of vulnerability {unknown}
Potions
 a - a potion of degeneration {unknown}
 d - a potion of might
 h - a potion of mutation {unknown}
 i - 2 potions of attraction
 m - 3 potions of berserk rage {unknown}
 o - 3 potions of curing
 r - 2 potions of magic {unknown}
 u - 2 potions of haste {unknown}
 E - 4 potions of brilliance {unknown}
 J - 5 potions of ambrosia
 M - a potion of lignification {unknown}
Miscellaneous
 O - a condenser vane
 V - a phial of floods


   Skills:
 + Level 10.1(15.1) Fighting
 * Level 12.4(17.4) Axes
 + Level 10.1(15.1) Armour
 + Level 12.0(17.0) Shields
 + Level 9.1 Invocations


You had 10 spell levels left.
You knew the following spells:

 Your Spells              Type           Power      Damage    Failure   Level
a - Wereblood             Tmut           0%         N/A       99%         2

Your spell library contained the following spells:

 Spells                   Type           Power      Damage    Failure   Level
 Slow                     Hex            0%         N/A       97%         1
 Lesser Beckoning         Tloc           0%         N/A       99%         2
 Momentum Strike          Conj/Tloc      0%         3d8       99%         2
 Sublimation of Blood     Necr           0%         N/A       99%         2
 Confusing Touch          Hex            0%         N/A       100%        3
 Ignite Poison            Fire/Tmut/Pois 0%         N/A       100%        3
 Portal Projectile        Hex/Tloc       0%         N/A       100%        3
 Vampiric Draining        Necr           0%         2d6       100%        3
 Sticky Flame             Conj/Fire      0%         2d3       100%        4
 Blade Hands              Tmut           0%         N/A       100%        5
 Plasma Beam              Fire/Air       0%         2x1d7     100%        5
 Blink                    Tloc           Unusable   N/A       N/A         2
 Tukima's Dance           Hex            Unusable   N/A       N/A         3
 Summon Hydra             Summ           Unusable   N/A       N/A         7

Dungeon Overview and Level Annotations

Branches:
Dungeon (12/15)            Temple (1/1) D:4            Lair (0/5) D:10
    Orc (2/2) D:11         Bailey (visited)
    Elf: Orc:2

Altars:
Ashenzari
Cheibriados
Dithmenos
Elyvilon
Fedhas
Gozag
Hepliaklqana
Kikubaaqudgha
Makhleb
Nemelex Xobeh
Okawaru
Qazlal
Ru
Sif Muna
Trog
Uskayaw
Vehumet
Wu Jian
Xom
Yredelemnul
Zin
The Shining One

Shops:
D:9 [([([


Innate Abilities, Weirdness & Mutations

You cannot be hasted, slowed, berserked, paralysed or teleported.
You can dig through walls and to a lower floor.
You have a pair of large antennae on your head. (SInv)
Your four strong arms can wield two-handed weapons with a shield.


Message History

Unknown command.
You closely miss the orc warrior.
The orc sorcerer shouts!
You slash the orc! You freeze the orc.
You kill the orc!
Okawaru accepts your kill.
You hit the ogre but do no damage.
The orc warrior hits you but does no damage.
The ogre closely misses you.
Unknown command.
You closely miss the orc warrior. You slash the orc! You freeze the orc.
You kill the orc!
Okawaru accepts your kill.
You slash the ogre! You freeze the ogre.
The orc warrior hits you but does no damage.
Space warps around you.
Unknown command.
Unknown command.
Unknown command.
You hit the ogre but do no damage.
The ogre is almost dead.
You slash the orc warrior! You freeze the orc warrior.
The orc sorcerer gestures at you while chanting.
The bolt of fire hits you!!
* * * LOW HITPOINT WARNING * * *
The ogre barely misses you.
The orc warrior hits you but does no damage.
Unknown command.
The warg bites you!
* * * LOW HITPOINT WARNING * * *
You block the orc warrior's attack.
You climb upwards.
There is a stone staircase leading down, spattered with blood here.
Items here: ( ))) [[ รท.
Okay, then.
You gain the combat prowess of a mighty hero.
You block the warg's attack. The ogre hits you but does no damage.
The orc warrior hits you but does no damage.
Space warps horribly around you!
You die...

#.##...#........>..#...#.##
........................##
#.##....#................# #
##.#.##...............##
#........#..........###
##.#...............##
###..#............##
#.........)(.o....#
##......##[h@....#####
##.#.....[O[#.#####.### ####
####.....[..##.#.....## #..##
####........#.........#
....###...#............###.##
#..###................## ###
##.##.#................#
#..........#........#.##
...##.##..............##


You could see a warg, an orc warrior and an ogre.

Vanquished Creatures
  A boulder beetle (D:11)
  3 two-headed ogres
  Sonja (D:11)
  Pikel (D:6)
  3 orc knights (Orc:1)
  An orc sorcerer (Orc:1)
  2 ugly things (D:11)
  A cyclops (Orc:1)
  3 kobold demonologists
  An unseen horror (D:11)
  A komodo dragon (D:10)
  3 trolls
  2 polar bears (D:8)
  A queen bee (D:9)
  A hornet (D:9)
  4 yaks
  A wyvern (D:7)
  A vampire (D:9)
  An unseen horror simulacrum (D:8)
  4 steam dragons
  4 water moccasins
  6 ice beasts
  18 orc warriors
  A hornet zombie (D:6)
  3 sky beasts
  3 black bears
  2 wolves (D:8)
  2 ogres
  3 centaurs
  A lemure (D:6)
  2 phantoms
  8 kobold brigands
  7 bullfrogs
  3 scorpions
  A gnoll sergeant (D:11)
  2 necrophages (D:6)
  10 wights
  34 killer bees
  A howler monkey (D:4)
  2 vampire bats (D:10)
  An electric eel (D:8)
  A centaur zombie (D:6)
  2 bullfrog zombies (D:6)
  4 jellies
  A human zombie (D:6)
  6 orc priests
  4 hounds
  6 sleepcaps
  Natasha (twice) (D:4)
  2 iguanas
  14 orc wizards
  2 centaur simulacra (D:8)
  A mummy (D:6)
  A howler monkey zombie (D:6)
  2 killer bee simulacra (D:8)
  11 gnolls
  6 adders
  2 shadow imps
  2 white imps
  An ufetubus (D:8)
  A dart slug (D:1)
  50 orcs
  6 endoplasms
  2 giant cockroaches
  A hobgoblin (D:4)
  4 jackals (D:4)
  17 kobolds
  3 quokkas
  5 ball pythons
  6 bats
  10 frilled lizards
  9 goblins
  7 rats
341 creatures vanquished.

Vanquished Creatures (others)
  20 fungi (D:10)
  18 plants
38 creatures vanquished.

Grand Total: 379 creatures vanquished

Notes
Turn   | Place    | Note
-------+----------+-------------------------------------------
     0 | D:1      | Querens the Formicid Fighter began the quest for the Orb.
     0 | D:1      | Reached XP level 1. HP: 18/18 MP: 1/1
    85 | D:1      | Reached XP level 2. HP: 24/24 MP: 2/2
   306 | D:1      | Found a faded altar of an unknown god.
   367 | D:1      | Reached XP level 3. HP: 29/29 MP: 3/3
   737 | D:2      | Found a stormy altar of Qazlal.
   789 | D:2      | Learned a level 2 spell: Wereblood
  1009 | D:3      | Reached XP level 4. HP: 32/37 MP: 4/4
  1013 | D:3      | Found an opulent altar of Gozag.
  1013 | D:3      | Found an iron altar of Okawaru.
  1022 | D:3      | Became a worshipper of Warmaster Okawaru
  1085 | D:3      | Found a stormy altar of Qazlal.
  1153 | D:3      | Identified the ring of the Omega Point {rN+ rCorr Dex+3}
  1289 | D:3      | Reached XP level 5. HP: 42/42 MP: 5/5
  1502 | D:4      | Noticed Natasha
  1502 | D:4      | Found a shimmering altar of Xom.
  1521 | D:4      | Killed Natasha
  1672 | D:4      | Reached skill level 5 in Shields
  1888 | D:4      | Found a staircase to the Ecumenical Temple.
  1895 | Temple   | Entered the Ecumenical Temple
  1992 | D:4      | Noticed a phantom
  1993 | D:4      | Reached * piety under Okawaru
  1994 | D:4      | Reached XP level 6. HP: 48/49 MP: 6/6
  2130 | D:4      | Noticed Natasha
  2135 | D:4      | Killed Natasha
  2273 | D:5      | Entered Level 5 of the Dungeon
  2327 | D:5      | Reached XP level 7. HP: 47/55 MP: 7/7
  2401 | D:5      | Reached skill level 5 in Axes
  2464 | D:5      | Reached skill level 5 in Fighting
  2495 | D:5      | Reached ** piety under Okawaru
  2496 | D:5      | Reached skill level 5 in Armour
  2568 | D:5      | Reached XP level 8. HP: 52/62 MP: 8/8
  2706 | D:5      | Found a white marble altar of Elyvilon.
  2969 | D:6      | Reached skill level 1 in Invocations
  3052 | D:6      | Reached *** piety under Okawaru
  3194 | D:6      | Reached XP level 9. HP: 45/69 MP: 10/10
  3252 | D:6      | Noticed Pikel
  3279 | D:6      | Killed Pikel
  3494 | D:6      | Reached **** piety under Okawaru
  3524 | D:6      | Found a basalt altar of Yredelemnul.
  3688 | D:7      | Reached XP level 10. HP: 77/77 MP: 13/13
  4119 | D:8      | Reached skill level 5 in Invocations
  4122 | D:8      | Noticed a two-headed ogre
  4132 | D:8      | Killed a two-headed ogre
  4134 | D:8      | Reached ***** piety under Okawaru
  4289 | D:8      | HP: 3/80 [unseen horror simulacrum (17)]
  4517 | D:8      | Reached XP level 11. HP: 86/86 MP: 15/15
  4566 | D:8      | Identified the +9 dagger of Tortured Integrity {freeze, rF+
                  | Dex+3}
  4828 | D:9      | Received a gift from Okawaru
  5002 | D:9      | Found Benoas's Antique Armour Boutique.
  5010 | D:9      | Bought a pair of glowing boots for 157 gold pieces
  5079 | D:9      | Reached skill level 10 in Axes
  5080 | D:9      | Reached skill level 10 in Shields
  5199 | D:9      | Found Ziebuir's Weapon Boutique.
  5241 | D:9      | Found Xoic's Antique Armour Shoppe.
  5248 | D:9      | Found Udyxainn's Weapon Shop.
  5320 | D:9      | Found Niumny's Armour Boutique.
  5349 | D:9      | Got the Folio of the Blazing Gestalt
  5363 | D:9      | Found a flagged portal.
  5372 | Bailey   | Entered a bailey
  5522 | Bailey   | Found an iron altar of Okawaru.
  5866 | D:10     | Entered Level 10 of the Dungeon
  5875 | D:10     | Found a glowing silver altar of Zin.
  5998 | D:10     | Noticed a sun demon
  5999 | D:10     | Noticed a sixfirhy
  6002 | D:10     | Identified the +3 hand axe of the Middle {venom, rC+ rN+
                  | Str-4 Stlth+} (Okawaru gifted it to you on level 10 of the
                  | Dungeon)
  6002 | D:10     | Received a gift from Okawaru
  6128 | D:10     | Reached XP level 12. HP: 62/95 MP: 15/17
  6131 | D:10     | Found a staircase to the Lair.
  6444 | D:11     | Noticed a two-headed ogre
  6455 | D:11     | Killed a two-headed ogre
  6485 | D:11     | Noticed a boulder beetle
  6497 | D:11     | Killed a boulder beetle
  6566 | D:11     | Found a staircase to the Orcish Mines.
  6595 | D:11     | Noticed Sonja
  6600 | D:11     | Killed Sonja
  6600 | D:11     | Received a gift from Okawaru
  6730 | D:11     | Noticed a two-headed ogre
  6737 | D:11     | Killed a two-headed ogre
  7235 | Orc:1    | Entered Level 1 of the Orcish Mines
  7336 | Orc:1    | Reached skill level 10 in Fighting
  7336 | Orc:1    | Reached skill level 10 in Armour
  7341 | Orc:1    | Reached XP level 13. HP: 48/103 MP: 14/19
  7626 | Orc:2    | Entered Level 2 of the Orcish Mines
  7644 | Orc:1    | Slain by an orc warrior

Illustrated notes

Levels and vault maps discovered:
D:1:      psy_arrival_radial01, layout_basic, chequers_ecumenical_altar_twisty,
          kennysheep_another_room, minmay_lizard_king
D:2:      layout_rooms, basic_altar
D:3:      layout_basic, nicolae_qazlal_scattered_showers,
          chequers_temple_overflow_statue_of_worship,
          chequers_serial_rivers_large_a, serial_park_tiny_2, minmay_liquid_box,
          interstate_on_off, guppyfry_early_lair_pool
D:4:      layout_loops_ring, mainiacjoe_overflow_alcove_1,
          minmay_temple_entry_hall, minmay_pentangle, uniq_natasha
D:5:      layout_basic, elyvilon_altar_1
D:6:      layout_loops_ring, lemuel_mausoleum_altar_yredelemnul, uniq_pikel
D:7:      layout_basic
D:8:      layout_basic, serial_ice, serial_ice_e, serial_ice_i, serial_ice_h,
          serial_ice_o, kennysheep_generic_room_15
D:9:      layout_layer_cave, serial_shops, shop, shop,
          nicolae_shop_bloodbath_and_beyond, shop, shop, enter_bailey_3,
          minivault_7
D:10:     layout_roguey, mainiacjoe_overflow_brackets,
          due_lair_maze_entry_diamond, roderic_batcave
D:11:     layout_loops_corners, orc_0_dummy, uniq_sonja
D:12:     layout_basic
Temple:   hellmonk_temple_of_storms
Orc:1:    layout_caves, basic_altar
Orc:2:    st_orc_elflike, layout_caves

Skill      XL: |  1  2  3  4  5  6  7  8  9 10 11 12 |
---------------+-------------------------------------+-----
Axes           | 3 4 5 6 8 9 11 12 | 12.4
Armour         | 4 5 6 7 9 10 | 10.1
Fighting       | 4 5 6 7 9 10 | 10.1
Shields        | 5 6 7 8 9 10 12 | 12.0
Invocations    | 2 4 6 7 9 |  9.1

Action                     |  1- 3 |  4- 6 |  7- 9 | 10-12 | 13-15 || total
---------------------------+-------+-------+-------+-------+-------++-------
  Melee: War axe           |    81 |    97 |   261 |   466 |    28 ||   933
  Throw: Dart              |       |       |       |     2 |       ||     2
 Invoke: Heroism           |       |       |     1 |    12 |     1 ||    14
         Finesse           |       |       |       |     1 |       ||     1
  Evoke: Wand              |       |     3 |     4 |     7 |       ||    14
    Use: Potion            |       |       |     2 |     5 |       ||     7
         Scroll            |       |       |     1 |    11 |       ||    12
 Armour: Scale mail        |    35 |       |       |       |       ||    35
         Plate armour      |     6 |    69 |   157 |   298 |    20 ||   550
  Dodge: Dodged            |    36 |    37 |    90 |   225 |     7 ||   395
  Block: Buckler           |    15 |    32 |    90 |   231 |    10 ||   378

Table legend: (Time is in decaauts)
 A = Elapsed time spent in this place.
 B = Non-inter-level travel time spent in this place.
 C = Inter-level travel time spent in this place.
 D = Time resting spent in this place.
 E = Time spent auto-exploring this place.
 F = Levels seen in this place.
 G = Mean time per level.
                   A        B        C        D        E       F      G
               +--------+--------+--------+--------+--------+-----+--------+
         Total |   7722 |   7207 |    515 |     86 |      0 |  16 |  482.6 |
       Dungeon |   7218 |   6727 |    491 |     34 |      0 |  12 |  601.5 |
        Temple |     42 |     42 |      0 |      0 |      0 |   1 |   42.0 |
  Orcish Mines |    255 |    232 |     23 |      0 |      0 |   2 |  127.5 |
        Bailey |    206 |    206 |      0 |     52 |      0 |   1 |  206.0 |
               +--------+--------+--------+--------+--------+-----+--------+

Top non-repeatable levels by time:
    D:11: 899 daAuts
     D:6: 856 daAuts
     D:9: 833 daAuts
     D:4: 754 daAuts
     D:8: 723 daAuts
     D:3: 699 daAuts
    D:10: 545 daAuts
     D:5: 538 daAuts
     D:1: 513 daAuts
     D:7: 483 daAuts
     D:2: 339 daAuts
   Orc:1: 240 daAuts
  Bailey: 206 daAuts
  Temple: 42 daAuts
    D:12: 32 daAuts
